 Dungeon Crawl Stone Soup version 0.23-a0-582-g1b4a0ca (console) character file.

67 Duffy the Chopper (level 4, -7/42 HPs)
             Began as a Naga Fighter on Dec 16, 2018.
             Mangled by Blork the orc
             ... wielding a +0 glaive
              (14 damage)
             ... on level 4 of the Dungeon.
             The game lasted 00:01:12 (862 turns).

Duffy the Chopper (Naga Fighter)                     Turns: 862, Time: 00:01:13

Health: -7/42      AC:  4    Str: 20    XL:     4   Next: 18%
Magic:  4/4        EV:  5    Int:  8    God:
Gold:   18         SH:  9    Dex: 10    Spells: 3/3 levels left

rFire    . . .     SeeInvis +   a - +0 war axe
rCold    . . .     Gourm    .   c - +0 shield
rNeg     . . .     Faith    .   b - +0 scale mail
rPois    +         Spirit   .   (no helmet)
rElec    .         Reflect  .   (no cloak)
rCorr    .         Harm     .   (no gloves)
MR       .....                  (no barding)
Stlth    ..........             (no amulet)
HPRegen  0.14/turn              (no ring)
MPRegen  0.09/turn              (no ring)

@: short of breath, very slow
A: large, see invisible, deformed body, poison resistance, slowness 2, slow
metabolism 1, spit poison 1, AC +1
a: Spit Poison


You were on level 4 of the Dungeon.
You were not hungry.

You visited 1 branch of the dungeon, and saw 4 of its levels.

You collected 18 gold pieces.

Inventory:

Hand Weapons
 a - a +0 war axe (weapon)
Armour
 b - a +0 scale mail (worn)
 c - a +0 shield (worn)
 k - a +0 chain mail
Wands
 j - a wand of clouds (4)
Scrolls
 g - a scroll of random uselessness {unknown}
 h - a scroll of fear {unknown}
Potions
 d - a potion of might
 e - a potion of cancellation {unknown}
Comestibles
 f - 2 rations
 i - 13 chunks of flesh


   Skills:
 - Level 3.0 Fighting
 * Level 3.7 Axes
 - Level 2.4 Armour
 + Level 3.0 Shields


You had 3 spell levels left.
You didn't know any spells.
Your spell library was empty.

Dungeon Overview and Level Annotations

Branches:
Dungeon (4/15)
 Temple: D:4-7

Altars:
Cheibriados
Sif Muna

Annotations:
D:4 Blork the orc


Innate Abilities, Weirdness & Mutations

You cannot wear boots.
Your serpentine skin is tough. (AC +1)
You have supernaturally acute eyesight. (SInv)
Armour fits poorly on your strangely shaped body.
Your system is resistant to poisons. (rPois)
You cover ground very slowly.
You have a slow metabolism.
You can spit poison.


Message History

You have got your breath back.
Blork the orc barely misses you.
Press: ? - help, Shift-Dir - straight line, f/p - Blork the orc
Aim: Blork the orc, wielding a +0 glaive and wearing a +2 robe of positive The splash of poison hits Blork the orc.
Blork the orc is heavily wounded.
You feel slightly more hungry.
You barely miss Blork the orc.
Blork the orc is heavily wounded.
Blork the orc hits you with a +0 glaive!
Blork the orc casts a spell at you. The magic dart hits you!
Your shield and scale mail prevent you from hitting Blork the orc.
Blork the orc is heavily wounded.
You block Blork the orc's attack.
You closely miss Blork the orc.
Blork the orc is heavily wounded.
Blork the orc screams, "I'll make a cloak from your skin!"
Blork the orc hits you with a +0 glaive!
You die...

### #########
###.. #........
..#(#
#####.#######
#.#<#
#<..).).....#
#.#.#
#%###.......#
#.#o# #.#
#.####[.###<#@#
#.#
#...........#.#
#.#
#.####........#
#.# #.#
#.....##### #.#
#.# #.%...# .#.
........... # #
###......#
#......#
.....##.#


You could see Blork the orc.

Vanquished Creatures
  A worker ant (D:3)
  An adder (D:4)
  A worm (D:2)
  A leopard gecko (D:3)
  6 orcs
  2 bats
  2 goblins
  A hobgoblin (D:2)
  4 jackals (D:1)
  A quokka (D:3)
  A kobold (D:2)
  3 rats (D:2)
24 creatures vanquished.

Notes
Turn   | Place    | Note
-------+----------+-------------------------------------------
     0 | D:1      | Duffy the Naga Fighter began the quest for the Orb.
     0 | D:1      | Reached XP level 1. HP: 21/21 MP: 1/1
   138 | D:2      | Reached XP level 2. HP: 25/28 MP: 2/2
   442 | D:3      | Found a deep blue altar of Sif Muna.
   442 | D:3      | Found a snail-covered altar of Cheibriados.
   690 | D:3      | Reached XP level 3. HP: 34/34 MP: 3/3
   742 | D:4      | Reached XP level 4. HP: 31/42 MP: 4/4
   853 | D:4      | Noticed Blork the orc
   862 | D:4      | Mangled by Blork the orc

Vault maps used:
D:1:      minmay_arrival_three_doors
D:2:      bloody_trog, first_ration, grunt_dithmenos_smoke_and_mirrors
D:3:      nicolae_overflow_hidden_temple, bloody_makhleb, uniq_terence
D:4:      lemuel_zombie_altar_kikubaaqudgha,
          minmay_temple_entry_drinking_statues, hangedman_glass_teeth,
          uniq_blork_the_orc, uniq_sigmund

Skill      XL: |  1  2  3 |
---------------+----------+-----
Axes           | 3 |  3.7
Shields        | 3 |  3.0
Fighting       | |  3.0
Armour         | |  2.4

Action                   |  1- 3 |  4- 6 || total
-------------------------+-------+-------++-------
Melee: War axe           |    63 |    12 ||    75
 Abil: Spit Poison       |     4 |     2 ||     6
Armor: Scale mail        |    24 |     3 ||    27
Dodge: Dodged            |    14 |     3 ||    17
Block: Shield            |    34 |     2 ||    36

Table legend:
 A = Non-vault XP
 B = Vault XP
 C = Vault XP percentage of total XP
 D = Non-vault monster count
 E = Vault monster count
 F = Vault count percentage of total count
                 A         B        C        D         E       F
            +---------+---------+-------+---------+---------+-------
      Total |      97 |       0 |   0.0 |      24 |       0 |   0.0
            +---------+---------+-------+---------+---------+-------
        D:1 |       8 |       0 |   0.0 |       4 |       0 |   0.0
        D:2 |      15 |       0 |   0.0 |       8 |       0 |   0.0
        D:3 |      48 |       0 |   0.0 |       7 |       0 |   0.0
        D:4 |      26 |       0 |   0.0 |       5 |       0 |   0.0
            +---------+---------+-------+---------+---------+-------
